 Dungeon Crawl Stone Soup version 0.29-a0-477-g62b78b4225 (webtiles) character file.

Game seed: 13060567784620439910

7692 Morbidden the Grappler (level 11, -1/101 HPs)
             Began as a Troll Transmuter on May 25, 2022.
             Slain by a death yak (17 damage)
             ... on level 10 of the Dungeon.
             The game lasted 00:15:54 (7566 turns).

Morbidden the Grappler (Troll Transmuter)           Turns: 7566, Time: 00:15:55

Health: -1/101     AC: 29    Str: 26    XL:     11   Next: 0%
Magic:  14/14      EV:  3    Int: 13    God:
Gold:   500        SH:  0    Dex: 10    Spells: 3/16 levels left

rFire   + . .      SeeInvis .     - Unarmed
rCold   + . .      Faith    .   (no shield)
rNeg    . . .      Spirit   .   E - +9 scales of the Dragon King {rPois rF+ rC+ Will+}
rPois   +          Reflect  .   (helmet restricted)
rElec   .          Harm     .   r - +2 cloak
rCorr   .          Rampage  .   (gloves unavailable)
Will    +....                   (boots unavailable)
Stlth   ..........              s - amulet of the acrobat
HPRegen 1.06/turn               A - +6 ring of strength
MPRegen 0.14/turn               (no ring)

@: studying Translocations
A: large, unfitting armour, claws 3, regeneration 1, shaggy fur 1, tough skin 1,
iridescent scales 1, MP-powered wands
a: no special abilities


You were on level 10 of the Dungeon.
You visited 2 branches of the dungeon, and saw 11 of its levels.
You also visited: Sewer.

You collected 500 gold pieces.

Inventory:

Missiles
 h - 38 poisoned darts (quivered)
 z - a curare-tipped dart
Armour
 r - a +2 cloak (worn)
 E - the +9 scales of the Dragon King (worn) {rPois rF+ rC+ Will+}
   (You found it on level 7 of the Dungeon)

   rF:        It protects you from fire.
   rC:        It protects you from cold.
   rPois:     It protects you from poison.
   Will:      It increases your willpower.
Jewellery
 s - an amulet of the acrobat (around neck)
 v - an amulet of magic regeneration
 A - a +6 ring of strength (left claw)
 B - a ring of flight
Wands
 a - a wand of paralysis (16)
 c - a wand of polymorph (4)
 C - a wand of iceblast (30)
 F - a wand of flame (34)
Scrolls
 e - 4 scrolls of immolation
 j - a scroll of noise {unknown}
 m - 7 scrolls of identify
 o - a scroll of silence
 t - 2 scrolls of fog {unknown}
 u - 2 scrolls of teleportation {unknown}
 w - a scroll of torment {unknown}
 x - a scroll of summoning
 y - a scroll of enchant armour
 D - a scroll of amnesia {unknown}
 G - a scroll of blinking {unknown}
Potions
 b - 2 potions of lignification
 d - a potion of mutation
 f - 3 potions of haste {unknown}
 g - 4 potions of curing {unknown}
 i - a potion of berserk rage {unknown}
 k - 3 potions of might
 l - 2 potions of flight {unknown}
 n - a potion of experience {unknown}
 p - 5 potions of heal wounds {unknown}
 q - a potion of brilliance
 H - a potion of resistance {unknown}
Miscellaneous
 I - a tin of tremorstones (inert)


   Skills:
 * Level 4.4 Fighting
 + Level 2.1 Throwing
 * Level 2.2 Armour
 * Level 4.9 Dodging
 + Level 1.1 Stealth
 * Level 11.0 Unarmed Combat
 * Level 3.2 Spellcasting
 * Level 2.7 Conjurations
 * Level 3.7 Transmutations
 - Level 3.0 Ice Magic
 * Level 0.9 Air Magic
 - Level 3.0 Earth Magic
 + Level 0.1 Evocations


You had 3 spell levels left.
You knew the following spells:

 Your Spells              Type           Power      Damage    Failure   Level
a - Beastly Appendage     Tmut           22%        N/A       99%         1
b - Ice Form              Ice/Tmut       10%        N/A       100%        4
c - Stone Arrow           Conj/Erth      18%        3d8       100%        3
d - Lightning Bolt        Conj/Air       3%         1d14      100%        5

Your spell library contained the following spells:

 Spells                   Type           Power      Damage    Failure   Level
 Freeze                   Ice            36%        1d6       99%         1
 Wereblood                Tmut           11%        N/A       99%         2
 Apportation              Tloc           4%         N/A       100%        1
 Foxfire                  Conj/Fire      20%        2x1d5     100%        1
 Magic Dart               Conj           36%        1d4       100%        1
 Summon Small Mammal      Summ           8%         N/A       100%        1
 Searing Ray              Conj           18%        2d5       100%        2
 Static Discharge         Conj/Air       6%         N/A       100%        2
 Call Canine Familiar     Summ           2%         N/A       100%        3
 Conjure Flame            Conj/Fire      5%         6-21      100%        3
 Frozen Ramparts          Ice            18%        1d3       100%        3
 Inner Flame              Hex/Fire       2%         N/A       100%        3
 Spider Form              Tmut/Pois      7%         N/A       100%        3
 Summon Guardian Golem    Hex/Summ       2%         N/A       100%        3
 Anguish                  Hex/Necr       1%         N/A       100%        4
 Animate Armour           Summ/Erth      10%        N/A       100%        4
 Dispel Undead            Necr           2%         3d7       100%        4
 Flame Wave               Conj/Fire      5%         2d5       100%        4
 Fulminant Prism          Conj/Hex       2%         3d6       100%        4
 Hailstorm                Conj/Ice       9%         3d4       100%        4
 Sticky Flame             Conj/Fire      5%         2d3       100%        4
 Alistair's Intoxication  Tmut/Pois      4%         N/A       100%        5
 Lee's Rapid Deconstruct  Erth           4%         3d6*      100%        5
 Malign Gateway           Summ/Tloc      1%         N/A       100%        7
 Lehudib's Crystal Spear  Conj/Erth      4%         10d3      100%        8
 Maxwell's Capacitive Co  Air            2%         ∞         100%        8
 Summon Horrible Things   Summ           1%         N/A       100%        8
 Chain Lightning          Conj/Air       3%         3d4       100%        9
 Fire Storm               Conj/Fire      2%         8d1       100%        9
 Shatter                  Erth           4%         3d8*      100%        9


Dungeon Overview and Level Annotations

Branches:
Dungeon (10/15)            Temple (1/1) D:4           Sewer (visited)
   Lair: D:8-11         Orc: D:9-12

Altars:
Ashenzari
Dithmenos
Elyvilon
Fedhas
Hepliaklqana
Kikubaaqudgha
Makhleb
Nemelex Xobeh
Okawaru
Qazlal
Ru
Sif Muna
Trog
Uskayaw
Vehumet
Wu Jian
Xom
Yredelemnul
Zin
The Shining One

Shops:
D:8 (

Annotations:
D:4 Ijyb


Innate Abilities, Weirdness & Mutations

You are too large for most types of armour.
You have claws for hands.
Your natural rate of healing is unusually fast.
You are covered in fur. (AC +1)
You have tough skin. (AC +1)
You are partially covered in iridescent scales. (AC +2)
You expend magic power (3 MP) to strengthen your wands.


Message History

You have reached level 11!
Unknown command.
The tremorstone explodes into fragments!
The burst of rock shards engulfs the death yak!
The burst of rock shards engulfs the death yak but does no damage.
The burst of rock shards engulfs the death yak!
The burst of rock shards engulfs the troll!
The burst of rock shards engulfs the orc warrior.
The burst of rock shards engulfs you but does no damage.
The tin is emptied!
You hear an angry buzzing noise.
A centaur warrior comes into view.
The death yak gores you but does no damage.
The centaur warrior wields a +0 shortbow.
The centaur warrior shoots an arrow.
The arrow hits you!
Unknown command.
Unknown command.
Unknown command.
Unknown command.
The centaur warrior shoots an arrow.
The arrow hits you!
The centaur warrior shoots an arrow.
The arrow completely misses you.
Unknown command.
There is an escape hatch in the floor here.
The death yak gores you!!
You slide downwards.
The hatch slams shut behind you.
Found a robe.
Unknown command.
You barely miss the death yak.
The death yak is lightly wounded.
The death yak gores you!
* * * LOW HITPOINT WARNING * * *
You claw the death yak! Your claw misses the death yak.
The death yak is moderately wounded.
The death yak gores you!
* * * LOW HITPOINT WARNING * * *
Unknown command.
You scratch the death yak but do no damage.
The death yak is moderately wounded.
The death yak gores you!
You die...

........#
........#
........#
........#
.....[..#
..≈≈≈...#
..≈≈..Y.#
.......@#
........#
####.####
#


You could see a death yak.

Vanquished Creatures
  2 death yaks (D:9)
  Pikel (D:6)
  A deep elf pyromancer (D:9)
  Joseph (D:7)
  A hornet (D:9)
  Sigmund (D:4)
  A steam dragon (D:8)
  5 yaks
  Menkaure (D:7)
  A water moccasin (D:6)
  3 orc warriors
  4 black bears
  2 sky beasts (D:7)
  2 ice beasts (D:6)
  2 centaurs
  A phantom (D:5)
  Blork the orc (D:4)
  5 kobold brigands
  A gnoll sergeant (D:9)
  2 bullfrogs
  2 necrophages
  A scorpion (D:7)
  3 wights (D:6)
  12 killer bees
  2 electric eels
  4 howler monkeys
  3 jellies
  6 orc priests
  Crazy Yiuf (D:7)
  3 iguanas
  8 orc wizards
  Natasha (thrice) (D:2)
  6 gnolls
  8 adders
  A river rat (Sewer)
  An ufetubus (D:6)
  5 worms
  43 orcs
  14 ball pythons
  2 bats
  12 endoplasms
  8 goblins
  5 hobgoblins
  9 jackals
  18 kobolds
  6 quokkas
  3 frilled lizards
  25 rats
252 creatures vanquished.

Vanquished Creatures (collateral kills)
  A killer bee (D:4)
1 creature vanquished.

Grand Total: 253 creatures vanquished

Notes
Turn   | Place    | Note
-------+----------+-------------------------------------------
     0 | D:1      | Morbidden the Troll Transmuter began the quest for the Orb.
     0 | D:1      | Reached XP level 1. HP: 18/18 MP: 1/1
   131 | D:1      | Reached XP level 2. HP: 21/26 MP: 3/3
   306 | D:1      | Found a faded altar of an unknown god.
   603 | D:2      | Noticed Natasha
   605 | D:2      | Noticed a crimson imp
   627 | D:2      | Reached skill level 1 in Fighting
   627 | D:2      | Reached XP level 3. HP: 8/33 MP: 0/4
   628 | D:2      | Gained mutation: You expend magic power (3 MP) to
                  | strengthen your wands. [potion of mutation]
   628 | D:2      | Gained mutation: You are partially covered in iridescent
                  | scales. (AC +2) [potion of mutation]
   632 | D:2      | Killed Natasha
   695 | D:2      | Reached skill level 4 in Unarmed Combat
   733 | D:2      | Noticed Natasha
   741 | D:2      | Killed Natasha
   742 | D:2      | Reached XP level 4. HP: 40/41 MP: 3/5
   786 | D:2      | Noticed Natasha
   795 | D:2      | Identified the +9 spear of Desertification {freeze, Will+
                  | Dex+3 SInv}
   798 | D:2      | Killed Natasha
   891 | D:2      | Learned a level 4 spell: Ice Form
   975 | D:2      | Reached XP level 5. HP: 48/48 MP: 4/6
  1462 | D:3      | Reached skill level 5 in Unarmed Combat
  2214 | D:4      | Noticed Ijyb
  2294 | D:4      | Reached XP level 6. HP: 33/55 MP: 7/7
  2326 | D:4      | Found a glowing drain.
  2351 | Sewer    | Entered a sewer
  2454 | Sewer    | Reached skill level 1 in Ice Magic
  2508 | Sewer    | Reached XP level 7. HP: 37/63 MP: 7/9
  3044 | D:4      | Noticed Sigmund
  3060 | D:4      | Killed Sigmund
  3061 | D:4      | Reached skill level 6 in Unarmed Combat
  3157 | D:4      | Noticed Blork the orc
  3172 | D:4      | Killed Blork the orc
  3173 | D:4      | Reached XP level 8. HP: 70/72 MP: 10/10
  3305 | D:4      | Reached skill level 1 in Throwing
  3309 | D:4      | Learned a level 3 spell: Stone Arrow
  3326 | D:4      | Found a staircase to the Ecumenical Temple.
  3335 | Temple   | Entered the Ecumenical Temple
  3808 | D:5      | Entered Level 5 of the Dungeon
  3871 | D:5      | Reached skill level 7 in Unarmed Combat
  4144 | D:5      | Reached skill level 1 in Earth Magic
  4717 | D:6      | Reached skill level 1 in Stealth
  4763 | D:6      | Reached skill level 8 in Unarmed Combat
  4774 | D:6      | Reached skill level 1 in Conjurations
  4814 | D:6      | Reached XP level 9. HP: 77/79 MP: 11/11
  5146 | D:6      | Noticed Pikel
  5162 | D:6      | Killed Pikel
  5494 | D:7      | Noticed Joseph
  5586 | D:7      | Killed Joseph
  5587 | D:7      | Reached skill level 9 in Unarmed Combat
  5827 | D:7      | Identified the +5 plate armour of Instinct {Str+2}
  5944 | D:7      | Noticed Menkaure
  5961 | D:7      | Killed Menkaure
  6000 | D:7      | Found the +9 scales of the Dragon King {rPois rF+ rC+
                  | Will+}
  6162 | D:7      | Found a runed translucent door.
  6163 | D:7      | Noticed Crazy Yiuf
  6223 | D:7      | Reached XP level 10. HP: 91/91 MP: 13/13
  6465 | D:7      | Killed Crazy Yiuf
  6703 | D:8      | Reached skill level 1 in Armour
  6751 | D:8      | Found Kosabyrgh's Weapon Shop.
  6799 | D:8      | Reached skill level 10 in Unarmed Combat
  6990 | D:8      | Learned a level 5 spell: Lightning Bolt
  7455 | D:9      | Noticed a deep elf pyromancer
  7468 | D:9      | Killed a deep elf pyromancer
  7480 | D:9      | Got the Collected Works on Unholy Arts and the Mountains
  7527 | D:9      | Noticed a death yak
  7527 | D:9      | Noticed a death yak
  7529 | D:9      | Noticed a death yak
  7531 | D:9      | Noticed a death yak
  7534 | D:9      | Noticed a death yak
  7542 | D:9      | Killed a death yak
  7553 | D:9      | Killed a death yak
  7554 | D:9      | Reached skill level 11 in Unarmed Combat
  7558 | D:9      | Reached XP level 11. HP: 67/101 MP: 14/14
  7558 | D:9      | Noticed a centaur warrior
  7563 | D:10     | Entered Level 10 of the Dungeon
  7566 | D:10     | Slain by a death yak

Illustrated notes

Levels and vault maps discovered:
D:1:      co_arrival_random_square_maze, layout_rooms,
          dreamdust_ecumenical_altar_angels_and_demons
D:2:      layout_basic, uniq_natasha
D:3:      layout_basic
D:4:      layout_cave_pools, minmay_temple_entry_mini_moons,
          portal_sewer_entry_d, dk_noncrumbling_3, uniq_blork_the_orc,
          uniq_ijyb, uniq_sigmund
D:5:      layout_loops_ring, grunt_decor_mini_mirrors
D:6:      nicolae_BIG_FREAKIN_CUBE, layout_basic, uniq_pikel
D:7:      layout_cave_pools, dk_noncrumbling_4, minmay_crystal_water,
          roderic_roman_lattice, uniq_joseph, uniq_menkaure,
          uniq_crazy_yiuf_cottage
D:8:      layout_basic, serial_shops, nicolae_shop_advertising_works
          [nicolae_subvault_shop_adworks], lightli_minifort
D:9:      layout_roguey, dpeg_lair_monsters, orc_0_dummy, minmay_the_grid_2x2
          [minmay_the_grid_large_cup, minmay_the_grid_spin_star,
          minmay_the_grid_rooms, minmay_the_grid_prize_diamond_cup]
D:10:     statuecave_lemuel, layout_basic, mainiacjoe_overflow_chevrons,
          nicolae_overflow_hidden_temple
Temple:   regret_index_temple_chain_breaker

Skill      XL: |  1  2  3  4  5  6  7  8  9 10 |
---------------+-------------------------------+-----
Fighting       | 1 2 3 4 |  4.4
Unarmed Combat | 4 5 6 8 9 11 | 11.0
Dodging        | 2 3 4 |  4.9
Transmutations | 2 3 |  3.7
Ice Magic      | 1 2 3 |  3.0
Spellcasting   | 2 3 |  3.2
Throwing       | 1 2 |  2.1
Earth Magic    | 1 2 3 |  3.0
Stealth        | 1 |  1.1
Conjurations   | 1 2 |  2.7
Armour         | 2 |  2.2
Air Magic      | |  0.9
Evocations     | |  0.1

Action                   |  1- 3 |  4- 6 |  7- 9 | 10-12 || total
-------------------------+-------+-------+-------+-------++-------
Melee: Unarmed           |    82 |   198 |   355 |   169 ||   804
       Headbutt          |     1 |     3 |     5 |       ||     9
       Kick              |     2 |    17 |    12 |       ||    31
       Punch             |       |     2 |     9 |    12 ||    23
Throw: Dart              |       |       |    72 |       ||    72
 Cast: Beastly Appendage |     4 |    12 |    12 |       ||    28
Evoke: Wand              |       |       |     5 |       ||     5
       Tin of tremorston |       |       |       |     2 ||     2
  Use: Potion            |     3 |       |     1 |       ||     4
       Scroll            |       |     7 |       |       ||     7
 Stab: Sleeping          |     1 |     1 |       |       ||     2
Armor: Robe              |    22 |    74 |   119 |       ||   215
       Skin              |       |       |    48 |       ||    48
       Gold dragon scale |       |       |    10 |   134 ||   144
Dodge: Dodged            |    39 |    94 |   189 |    31 ||   353

Table legend: (Time is in decaauts)
 A = Elapsed time spent in this place.
 B = Non-inter-level travel time spent in this place.
 C = Inter-level travel time spent in this place.
 D = Time resting spent in this place.
 E = Time spent auto-exploring this place.
 F = Levels seen in this place.
 G = Mean time per level.
                   A        B        C        D        E       F      G
               +--------+--------+--------+--------+--------+-----+--------+
         Total |   7502 |   7190 |    312 |    258 |   5045 |  12 |  625.2 |
       Dungeon |   6621 |   6328 |    293 |    258 |   4454 |  10 |  662.1 |
        Temple |    198 |    179 |     19 |      0 |    154 |   1 |  198.0 |
         Sewer |    683 |    683 |      0 |      0 |    437 |   1 |  683.0 |
               +--------+--------+--------+--------+--------+-----+--------+

Top non-repeatable levels by time:
     D:6: 999 daAuts
     D:7: 962 daAuts
     D:3: 953 daAuts
     D:8: 756 daAuts
     D:5: 730 daAuts
     D:2: 692 daAuts
     D:4: 687 daAuts
   Sewer: 683 daAuts
     D:1: 599 daAuts
     D:9: 235 daAuts
  Temple: 198 daAuts
    D:10: 2 daAuts
